 Dungeon Crawl Stone Soup version 0.29.0-4-gdea44cf6ec (webtiles) character file.

Game seed: 6489029183345418473

124174 Mahakala the Severer (level 16, -2/152 HPs)
             Began as a Minotaur Fighter on Aug 27, 2022.
             Was the Champion of Zin.
             Slain by a spriggan rider
             ... wielding a +0 spear
              (12 damage)
             ... on level 3 of the Swamp.
             The game lasted 01:59:55 (32694 turns).

Mahakala the Severer (Minotaur Fighter)            Turns: 32694, Time: 01:59:55

Health: -2/152     AC: 22    Str: 30    XL:     16   Next: 38%
Magic:  25/25      EV:  9    Int:  8    God:    Zin [******]
Gold:   828        SH: 10    Dex: 11    Spells: 15/15 levels left

rFire   + + .      SeeInvis +   a - +1 broad axe (flame)
rCold   + + .      Faith    .   Z - +0 kite shield
rNeg    + . .      Spirit   .   P - +0 plate armour
rPois   +          Reflect  .   (helmet restricted)
rElec   .          Harm     .   O - scarf {repulsion}
rCorr   .          Rampage  .   x - +1 pair of gloves of the Hurling Gods {rPois rF+ Int-5 SInv}
Will    ++...                   F - +0 pair of boots "Exzen" {+Blink rN+ Str+4 Stlth+}
Stlth   ..........              N - amulet of regeneration
HPRegen 1.15/turn               R - ring of Aliamp {Fly rF- rC+ Will+ Int+6}
MPRegen 0.19/turn               A - ring of the Gloaming {rF++ rC+}

@: on recite cooldown, flying, repel missiles
A: horns 2, retaliatory headbutt
a: Renounce Religion, Evoke Blink, Recite, Vitalisation, Imprison, Sanctuary,
Donate Gold


You were on level 3 of the Swamp.
You worshipped Zin.
Zin was exalted by your worship.
You visited 4 branches of the dungeon, and saw 25 of its levels.
You visited 1 bazaar.
You also visited: Sewer, Bailey and Gauntlet.

You collected 2356 gold pieces.
You spent 1309 gold pieces at shops.
You donated 219 gold pieces to Zin.

Inventory:

Hand Weapons
 a - a +1 broad axe of flaming (weapon)
Missiles
 u - 16 poisoned darts
 C - 6 throwing nets {!f}
 H - 10 curare-tipped darts {!f}
 K - 17 boomerangs (quivered)
 T - 5 silver javelins
 X - 6 datura-tipped darts {!f}
Armour
 x - the +1 pair of gloves of the Hurling Gods (worn) {rPois rF+ Int-5 SInv}
   (You found it in a Gauntlet)

   Int:       It affects your intelligence (-5).
   rF:        It protects you from fire.
   rPois:     It protects you from poison.
   SInv:      It lets you see invisible.
 F - the +0 pair of boots "Exzen" (worn) {+Blink rN+ Str+4 Stlth+}
   (You acquired it on level 1 of the Lair of Beasts)

   Str:       It affects your strength (+4).
   rN:        It protects you from negative energy.
   +Blink:    It lets you blink.
   Stlth:     It makes you more stealthy.
 O - a scarf of repulsion (worn)
 P - a +0 plate armour (worn)
 Q - a +1 pair of gloves
 Z - a +0 kite shield (worn)
Jewellery
 b - the ring of Siodesir {rElec EV+4 Dex+2}
   (You bought it in a shop in a bazaar)

   [ring of evasion]

   EV:        It affects your evasion (+4).
   Dex:       It affects your dexterity (+2).
   rElec:     It insulates you from electricity.
 g - a +4 ring of evasion
 n - a ring of willpower
 y - a +4 ring of slaying
 A - the ring of the Gloaming (right hand) {rF++ rC+}
   (You found it on level 9 of the Dungeon)

   [ring of protection from cold]

   rF:        It greatly protects you from fire.
   rC:        It protects you from cold.
 N - an amulet of regeneration (around neck)
 R - the ring of Aliamp (left hand) {Fly rF- rC+ Will+ Int+6}
   (You found it on level 15 of the Dungeon)

   [ring of intelligence]

   Int:       It affects your intelligence (+6).
   rF:        It makes you vulnerable to fire.
   rC:        It protects you from cold.
   Fly:       It grants you flight.
   Will:      It increases your willpower.
 U - an amulet of the acrobat
Wands
 d - a wand of iceblast (34)
 i - a wand of light (13)
 t - a wand of flame (35)
 S - a wand of charming (15)
Scrolls
 c - 3 scrolls of identify {@r1}
 e - 12 scrolls of teleportation {@r4}
 f - 2 scrolls of brand weapon
 q - 5 scrolls of immolation {!r}
 r - a scroll of torment {!r}
 s - a scroll of summoning
 w - 5 scrolls of enchant weapon
 z - 2 scrolls of magic mapping
 D - 2 scrolls of enchant armour
 G - 4 scrolls of fog
 L - 4 scrolls of vulnerability {!r}
 V - a scroll of fear
 Y - 2 scrolls of poison {!r}
Potions
 h - 9 potions of flight
 j - 3 potions of lignification {!q}
 k - 9 potions of curing {@q1}
 l - 2 potions of attraction {!q}
 m - 2 potions of invisibility
 o - 4 potions of heal wounds {@q2}
 p - 4 potions of haste {@q3}
 v - 2 potions of ambrosia
 B - 4 potions of brilliance
 E - 2 potions of mutation {!q}
 I - 6 potions of might
 J - 3 potions of magic
 M - 3 potions of cancellation
Miscellaneous
 W - a lightning rod (4/4)


   Skills:
 + Level 16.6 Fighting
 - Level 18.0 Axes
 + Level 17.0 Armour
 - Level 7.0 Dodging
 + Level 9.7 Shields
 + Level 13.4 Invocations
 - Level 5.0 Evocations


You had 15 spell levels left.
You didn't know any spells.
Your spell library contained the following spells:

 Spells                   Type           Power      Damage    Failure   Level
 Necrotise                Necr           0%         1d4       99%         1
 Poisonous Vapours        Pois/Air       0%         N/A       100%        2
 Scorch                   Fire           0%         2d5       100%        2
 Vampiric Draining        Necr           0%         2d6       100%        3
 Cause Fear               Hex            0%         N/A       100%        4
 Corpse Rot               Necr/Pois/Air  0%         N/A       100%        4
 Flame Wave               Conj/Fire      0%         2d4       100%        4
 Agony                    Necr           0%         N/A       100%        5
 Alistair's Intoxication  Tmut/Pois      0%         N/A       100%        5
 Borgnjor's Vile Clutch   Necr/Erth      0%         N/A       100%        5
 Summon Forest            Summ/Tloc      0%         N/A       100%        5
 Eringya's Noxious Bog    Tmut/Pois      0%         N/A       100%        6
 Summon Cactus Giant      Summ           0%         N/A       100%        6
 Dragon Form              Tmut           0%         N/A       100%        7
 Summon Hydra             Summ           0%         N/A       100%        7
 Dragon's Call            Summ           0%         N/A       100%        9


Dungeon Overview and Level Annotations

Branches:
Dungeon (15/15)            Temple (0/1) D:6            Lair (5/5) D:8
  Swamp (3/4) Lair:3        Snake (0/4) Lair:3        Slime (0/5) Lair:4
    Orc (2/2) D:10            Elf (0/3) Orc:2        Vaults (0/5) D:14
 Depths (0/4) D:15          Sewer (visited)          Bailey (visited)
Gauntlet (visited)

Altars:
Ashenzari
Cheibriados
Elyvilon
Hepliaklqana
Kikubaaqudgha
Qazlal
Sif Muna
Trog
Vehumet
Xom
Zin
The Shining One
Jiyva

Shops:
D:4 *   D:6 (   D:14 ?   Orc:1 *   Orc:2 [:(!

Annotations:
D:4 3 runed translucent doors, mainiacjoe's ghost, amateur MeWn; mainiacjoe's ghost, amateur OpHW
D:5 2 runed translucent doors
Lair:1 exclusion: oklob plant
Lair:5 2 runed translucent doors
Swamp:1 1 runed translucent door, keekatzer's ghost, journeyman TrTm
Swamp:3 Mara


Innate Abilities, Weirdness & Mutations

You have a pair of horns on your head.
You reflexively headbutt those who attack you in melee.


Message History

The spray of wooden splinters is repelled.
The eleionoma flows through the trees.
You closely miss the eleionoma.
The eleionoma is no longer dazed.
The eleionoma barely misses you. You furiously retaliate!
You headbutt the eleionoma, but do no damage.
You slice the eleionoma!! You burn the eleionoma! You headbutt the eleionoma!
The eleionoma is heavily wounded.
The eleionoma hits you but does no damage.
You hit the eleionoma. You burn the eleionoma.
The eleionoma is heavily wounded.
The eleionoma hurls a spray of splinters at you.
The spray of wooden splinters hits you!!
* * * LOW HITPOINT WARNING * * *
You slice the eleionoma!! You burn the eleionoma. You headbutt the eleionoma.
You kill the eleionoma!
The swamp worm fires a harpoon shot at you.
The harpoon shot hits you.
* * * LOW HITPOINT WARNING * * *
You are yanked forward by the harpoon shot.
Found a scroll of identify.
You hit the swamp worm. You burn the swamp worm. You headbutt the swamp worm!
The swamp worm is severely wounded.
The swamp worm bites you but does no damage.
You closely miss the swamp worm.
The swamp worm is severely wounded.
You block the swamp worm's attack.
You hit the swamp worm. You burn the swamp worm.
The swamp worm is severely wounded.
The swamp worm bites you but does no damage.
You slice the swamp worm!! You burn the swamp worm.
You kill the swamp worm!
The spriggan rider hits you from afar with a +0 spear!
* * * LOW HITPOINT WARNING * * *
You feel much better.
The spriggan rider hits you from afar with a +0 spear!
* * * LOW HITPOINT WARNING * * *
The spriggan rider hits you from afar with a +0 spear!
* * * LOW HITPOINT WARNING * * *
The spriggan rider hits you from afar with a +0 spear!
You die...

.....~♣†..~....♣♣
....#♣......~~~.♣
.....)...÷.....!♣
###.#...~§~.~..♣♣
..#.#...(......♣ ♣♣♣
...##.##....~.♣♣♣♣.♣♣
..#....#.....~.♣♣~♣<♣
..#....#...~...~~~.♣♣
..#....#...~[.i~@.♣♣
#####..#..~~.~~~♣♣♣
.........~..~.~♣♣
........~~~~~~♣♣
..♣~~~.~~~~~~.♣
.....~~~♣~....♣
~~~.~~..~~~~.♣♣
♣~~.§~~.~~~~.♣
♣♣~.~~~~~.~..♣


You could see a spriggan rider.

Vanquished Creatures
  Mlioglotl (Swamp:3)
  Gastronok (D:8)
  An orc warlord (Orc:2)
  A ghoul (Swamp:2)
  A stone giant (D:15)
  3 eleionomae
  4 bunyips
  Azrael (D:15)
  A minotaur (Gauntlet)
  Harold (D:10)
  A ghost crab (Swamp:2)
  10 hydras
  5 centaur warriors
  3 ogre magi
  A death knight (D:14)
  5 boulder beetles
  8 alligators
  6 two-headed ogres
  A death scarab (Gauntlet)
  7 tengu warriors
  Nergalle (Lair:3)
  Sonja (D:10)
  4 goliath frogs
  5 skeletal warriors
  3 bog bodies
  4 spriggan druids
  4 swamp dragons
  Pikel (D:5)
  4 lindwurms
  2 orc knights
  4 deep elf pyromancers
  9 orc sorcerers (Orc:2)
  2 manticores
  4 cyclopes
  11 ugly things
  6 will-o-the-wisps
  8 black mambas
  23 elephants
  A gargoyle (D:12)
  2 molten gargoyles (Lair:5)
  2 torpor snails (Lair:5)
  Maggie (D:7)
  11 cane toads
  16 komodo dragons
  4 rime drakes
  2 unseen horrors (D:14)
  2 freezing wraiths
  2 yaktaurs
  2 kobold demonologists
  A tengu conjurer (D:13)
  A meliai (shapeshifter) (D:15)
  3 trolls
  A polar bear (Lair:4)
  7 hornets
  A wolf spider simulacrum (D:15)
  5 blink frogs (Lair:3)
  7 dream sheep (Lair:3)
  13 tyrant leeches
  A raiju (Gauntlet)
  4 slime creatures (D:14)
  A spectral black mamba (Gauntlet)
  Sigmund (D:5)
  A shadow (D:10)
  10 spriggans
  4 wyverns
  3 wraiths
  A vampire (D:11)
  3 fire bats (D:14)
  34 yaks
  4 fire elementals (D:15)
  3 steam dragons
  3 basilisks (Lair:5)
  15 vampire mosquitoes
  A warg (shapeshifter) (D:15)
  2 nagas (Lair:3)
  7 swamp worms
  4 wargs
  Duvessa (D:5)
  9 hell hounds
  10 water moccasins
  A swamp drake (Swamp:1)
  A black bear (shapeshifter) (D:14)
  13 orc warriors
  An ice beast (D:8)
  4 black bears
  A sky beast (D:6)
  11 ogres
  3 boggarts (D:15)
  16 wolves
  A lemure (D:5)
  15 centaurs
  4 phantoms
  6 kobold brigands
  11 bullfrogs
  3 scorpions
  2 gnoll sergeants
  A necrophage (Swamp:3)
  Dowan (D:5)
  3 killer bees (D:9)
  5 electric eels
  6 howler monkeys
  A vampire bat (D:14)
  5 lava snakes (Lair:5)
  7 hounds
  14 orc priests
  4 jellies (D:14)
  4 iguanas
  2 gnoll boudas
  6 hell rats (Lair:5)
  32 orc wizards
  2 lightning spires (Gauntlet)
  24 gnolls
  9 adders
  8 river rats (Sewer)
  A shadow imp (D:5)
  5 ufetubi
  13 worms
  3 dart slugs
  68 orcs
  8 ball pythons
  11 bats
  13 endoplasms
  3 giant cockroaches
  12 goblins
  8 hobgoblins
  6 jackals (D:14)
  5 quokkas
  3 training dummies (D:6)
  7 frilled lizards
  24 kobolds
  22 rats
803 creatures vanquished.

Vanquished Creatures (others)
  An eleionoma (Swamp:3)
  2 bloated husks (Swamp:3)
  A bush (Lair:5)
  40 foxfires
  31 fungi
  2 pillars of salt
  81 plants
  6 withered plants (D:4)
164 creatures vanquished.

Grand Total: 967 creatures vanquished

Notes
Turn   | Place    | Note
-------+----------+-------------------------------------------
     0 | D:1      | Mahakala the Minotaur Fighter began the quest for the Orb.
     0 | D:1      | Reached XP level 1. HP: 19/19 MP: 0/0
   255 | D:1      | Reached skill level 3 in Axes
   255 | D:1      | Reached XP level 2. HP: 27/27 MP: 1/1
   997 | D:2      | Reached XP level 3. HP: 28/33 MP: 2/2
  1101 | D:2      | You fall into a shaft and drop 1 floor!
  1159 | D:3      | Found a broken altar of Ashenzari.
  1284 | D:2      | Found a shimmering altar of Xom.
  1463 | D:2      | Found a faded altar of an unknown god.
  1675 | D:3      | Reached skill level 4 in Axes
  1886 | D:3      | Reached XP level 4. HP: 38/40 MP: 3/3
  2024 | D:3      | Found a snail-covered altar of Cheibriados.
  2356 | D:4      | Found Vaxuonoill's Assorted Antiques.
  2356 | D:4      | Found a shimmering blue altar of Sif Muna.
  2429 | D:4      | Noticed a scorpion
  2566 | D:4      | Reached XP level 5. HP: 45/47 MP: 4/4
  2750 | D:4      | Reached skill level 5 in Axes
  2756 | D:4      | Noticed a phantom
  2760 | D:4      | Found a runed translucent gate.
  2760 | D:4      | Found a runed translucent gate.
  2760 | D:4      | Found a runed translucent gate.
  2762 | D:4      | Noticed mainiacjoe's ghost (amateur MeWn)
  2889 | D:4      | Found a glowing silver altar of Zin.
  2889 | D:4      | Found a glowing golden altar of the Shining One.
  2931 | D:4      | Found a white marble altar of Elyvilon.
  2967 | D:4      | Killed a phantom
  2968 | D:4      | Reached skill level 5 in Fighting
  2968 | D:4      | Reached skill level 5 in Armour
  2981 | D:4      | Became a worshipper of Zin the Law-Giver
  2981 | D:4      | Reached * piety under Zin
  3016 | D:4      | Reached XP level 6. HP: 56/56 MP: 5/5
  3044 | D:4      | Noticed mainiacjoe's ghost (amateur OpHW)
  3106 | D:4      | Reached skill level 6 in Axes
  3207 | D:5      | Entered Level 5 of the Dungeon
  3291 | D:5      | Reached skill level 1 in Invocations
  3444 | D:5      | Reached XP level 7. HP: 32/61 MP: 7/7
  3633 | D:5      | Noticed Sigmund
  4140 | D:5      | Killed Sigmund
  4141 | D:5      | Reached skill level 5 in Invocations
  4142 | D:5      | Reached ** piety under Zin
  4174 | D:5      | Noticed Pikel
  4211 | D:5      | Killed Pikel
  4212 | D:5      | Reached skill level 7 in Axes
  4212 | D:5      | Reached XP level 8. HP: 29/69 MP: 10/12
  4445 | D:5      | Noticed Dowan
  4448 | D:5      | Noticed Duvessa
  4465 | D:5      | Killed Duvessa
  4472 | D:5      | Killed Dowan
  4473 | D:5      | Reached skill level 8 in Axes
  4908 | D:5      | Found a large runed translucent door.
  4908 | D:5      | Found a large runed translucent door.
  4908 | D:5      | Found a shimmering altar of Xom.
  5192 | D:6      | Found a staircase to the Ecumenical Temple.
  5196 | D:6      | Reached skill level 9 in Axes
  5347 | D:6      | Reached XP level 9. HP: 57/74 MP: 13/13
  5360 | D:6      | Found a glowing drain.
  5436 | Sewer    | Entered a sewer
  5640 | Sewer    | Reached skill level 10 in Axes
  6311 | D:6      | Reached skill level 11 in Axes
  6426 | D:6      | Found Uckaumpe's Firing Range.
  7269 | D:7      | Reached *** piety under Zin
  7291 | D:7      | Noticed Maggie
  7315 | D:7      | Killed Maggie
  7316 | D:7      | Reached skill level 12 in Axes
  7577 | D:7      | Found a faded altar of an unknown god.
  7577 | D:7      | Found a stormy altar of Qazlal.
  7585 | D:7      | Found a bloodstained altar of Trog.
  7587 | D:7      | Found a radiant altar of Vehumet.
  7589 | D:7      | Found a shimmering altar of Xom.
  7664 | D:7      | Identified the +1 dagger of the Imperium {vorpal, rCorr}
  7876 | D:7      | Noticed a cyclops
  7888 | D:7      | Killed a cyclops
  7889 | D:7      | Reached XP level 10. HP: 66/81 MP: 14/14
  8016 | D:8      | Found a flagged portal.
  8027 | Bailey   | Entered a bailey
  8778 | D:8      | Reached skill level 13 in Axes
  8805 | D:8      | HP: 2/81 [orc priest/divine providence (14)]
  9719 | D:8      | Noticed Gastronok
  9811 | D:8      | Killed Gastronok
  9812 | D:8      | Reached skill level 14 in Axes
 10055 | D:8      | Reached **** piety under Zin
 10128 | D:8      | Found a staircase to the Lair.
 10396 | D:9      | Reached skill level 10 in Armour
 11124 | D:9      | Noticed a two-headed ogre
 11143 | D:9      | Killed a two-headed ogre
 11144 | D:9      | Reached XP level 11. HP: 74/89 MP: 15/15
 11244 | D:9      | Reached skill level 15 in Axes
 11817 | D:9      | Identified the ring of the Gloaming {rF++ rC+}
 12066 | D:10     | Entered Level 10 of the Dungeon
 12066 | D:10     | Noticed a two-headed ogre
 12066 | D:10     | Noticed a centaur warrior
 12066 | D:10     | Noticed a two-headed ogre
 12138 | Lair:1   | Entered Level 1 of the Lair of Beasts
 12665 | Lair:1   | Acquired the +0 pair of boots "Exzen" {+Blink rN+ Str+4
                  | Stlth+}
 12705 | Lair:1   | Reached skill level 1 in Evocations
 13037 | Lair:1   | Noticed an oklob plant
 13362 | Lair:1   | Reached skill level 5 in Evocations
 14282 | Lair:2   | Reached skill level 16 in Axes
 14721 | Lair:2   | Reached XP level 12. HP: 72/103 MP: 16/16
 14951 | Lair:2   | Reached ***** piety under Zin
 15392 | Lair:3   | Noticed Nergalle
 15407 | Lair:3   | Reached skill level 17 in Axes
 15410 | Lair:3   | Killed Nergalle
 15861 | Lair:3   | Noticed a five-headed hydra
 15874 | Lair:3   | Killed a three-headed hydra
 16026 | Lair:3   | Reached skill level 10 in Fighting
 16044 | Lair:3   | Found a staircase to the Swamp.
 16426 | Lair:3   | Found a staircase to the Snake Pit.
 16863 | Lair:3   | Reached skill level 18 in Axes
 16944 | Lair:4   | Reached skill level 1 in Dodging
 17757 | Lair:4   | Reached skill level 5 in Dodging
 17757 | Lair:4   | Reached XP level 13. HP: 70/116 MP: 17/17
 18558 | Lair:4   | Reached ****** piety under Zin
 18980 | Lair:4   | Found a viscous altar of Jiyva.
 18981 | Lair:4   | Found a staircase to the Slime Pits.
 19018 | Lair:5   | Entered Level 5 of the Lair of Beasts
 20015 | Lair:5   | Noticed a fire dragon
 20023 | Lair:5   | Found a large runed translucent door.
 20027 | Lair:5   | Found a large runed translucent door.
 21070 | D:10     | Noticed Harold
 21076 | D:10     | Killed Harold
 21196 | D:10     | Found a staircase to the Orcish Mines.
 21330 | D:10     | Found a hazy altar of Hepliaklqana.
 21431 | D:10     | Found a runed translucent door.
 21511 | D:10     | Noticed Sonja
 21514 | D:10     | Killed Sonja
 22392 | D:10     | Reached XP level 14. HP: 107/129 MP: 19/19
 23956 | D:13     | Found a gate leading to a gauntlet.
 23972 | Gauntlet | Entered a Gauntlet
 23972 | Gauntlet | Found a transporter.
 23972 | Gauntlet | Found a transporter.
 23974 | Gauntlet | Found a transporter.
 23975 | Gauntlet | Found a transporter.
 23977 | Gauntlet | Found a transporter.
 23986 | Gauntlet | Found a runed translucent door.
 23988 | Gauntlet | Found a runed translucent door.
 23988 | Gauntlet | Found a transporter.
 23990 | Gauntlet | Found a transporter.
 23991 | Gauntlet | Found a transporter.
 23993 | Gauntlet | Found a transporter.
 24007 | Gauntlet | Found a transporter.
 24009 | Gauntlet | Found a transporter.
 24093 | Gauntlet | Found a transporter.
 24330 | Gauntlet | Identified the +1 pair of gloves of the Hurling Gods {rPois
                  | rF+ Int-5 SInv}
 24513 | D:13     | Reached skill level 10 in Invocations
 24946 | D:14     | HP: 2/132 [tengu warrior/+3 war axe (18)]
 25313 | D:14     | Reached skill level 15 in Armour
 25450 | D:14     | Identified the +8 trident of the Enormous God {vorpal,
                  | Str+4}
 25606 | D:14     | Found a gate to the Vaults.
 25658 | D:14     | Reached skill level 5 in Shields
 25850 | D:14     | Found Cutt's Magic Scroll Emporium.
 25858 | D:14     | Bought a scroll of teleportation for 42 gold pieces
 25858 | D:14     | Bought a scroll of teleportation for 42 gold pieces
 26061 | D:15     | Entered Level 15 of the Dungeon
 26095 | D:15     | Reached XP level 15. HP: 139/139 MP: 22/22
 26169 | D:15     | Found a flickering gateway to a bazaar.
 26179 | Bazaar   | Entered a bazaar
 26241 | Bazaar   | Found Kyowk's Weapon Shop.
 26241 | Bazaar   | Found Osig Perpham's Jewellery Boutique.
 26286 | Bazaar   | Found Zeod's Jewellery Shop.
 26286 | Bazaar   | Found Dihisuiz's General Store.
 26314 | Bazaar   | Bought the ring of Siodesir {rElec EV+4 Dex+2} for 650 gold
                  | pieces
 26348 | Bazaar   | Bought a ring of willpower for 350 gold pieces
 26510 | D:15     | Identified the ring of Aliamp {Fly rF- rC+ Will+ Int+6}
 26552 | D:15     | Reached skill level 15 in Fighting
 26615 | D:15     | Found a staircase to the Depths.
 27447 | Orc:1    | Entered Level 1 of the Orcish Mines
 27627 | Orc:1    | Found Laquotekle's Mass Market.
 28009 | Orc:2    | Entered Level 2 of the Orcish Mines
 28194 | Orc:2    | Found a staircase to the Elven Halls.
 28298 | Orc:2    | Noticed an orc warlord
 28316 | Orc:2    | Killed an orc warlord
 28825 | Orc:2    | Paralysed by an orc sorcerer for 4 turns
 29008 | Orc:2    | Found Ynwuasuv's Distillery.
 29051 | Orc:2    | Found Qufaffet's Antique Weapon Boutique.
 29330 | D:15     | Noticed Azrael
 29342 | D:15     | Killed Azrael
 29603 | Orc:2    | Found an ancient bone altar of Kikubaaqudgha.
 29664 | Orc:2    | Found Xiwosk's Book Boutique.
 29678 | Orc:2    | Found a radiant altar of Vehumet.
 29724 | Orc:2    | Bought a potion of heal wounds for 75 gold pieces
 29724 | Orc:2    | Bought a potion of haste for 150 gold pieces
 29833 | Orc:2    | Found Owod's Antique Armour Shop.
 30119 | Swamp:1  | Entered Level 1 of the Swamp
 30393 | Swamp:1  | Found a runed translucent door.
 30396 | Swamp:1  | Noticed keekatzer's ghost (journeyman TrTm)
 31371 | Swamp:2  | Reached XP level 16. HP: 130/151 MP: 24/24
 31963 | Swamp:3  | Noticed Mlioglotl
 32062 | Swamp:3  | Noticed Mara
 32115 | Swamp:3  | Killed Mlioglotl
 32309 | Swamp:3  | Noticed Mahakala's illusion
 32688 | Swamp:3  | HP: 5/152 [spriggan rider/+0 spear (14)]
 32694 | Swamp:3  | Slain by a spriggan rider

Illustrated notes

Levels and vault maps discovered:
D:1:      psy_arrival_fountain, layout_basic
D:2:      layout_loops_ring, basic_altar, chequers_ecumenical_altar_twisty
D:3:      layout_loops_ring, lemuel_round_altar, overflow_temple_1_default,
          serial_glass, glass_columns_c, glass_columns_a, minmay_fountain_box
D:4:      layout_basic, good_gods_temple_1, overflow_temple_1_default,
          serial_shops, shop, gammafunk_ghost_cemetery, minmay_goblin_outpost
D:5:      due_chaos_kobolds, layout_basic, kennysheep_generic_room_9,
          uniq_duvessa, uniq_pikel, uniq_sigmund
D:6:      layout_cave_pools, minmay_temple_entry_mist, gup_sewer_entry_glass,
          kennysheep_donut, nicolae_shop_firing_range
D:7:      layout_cave_pools, chequers_temple_overflow_minitemple,
          kennysheep_generic_room_6, uniq_maggie
D:8:      layout_rooms, lair_entry_dummy, enter_bailey_3, uniq_gastronok
D:9:      layout_basic
D:10:     layout_stronghold, worldfamousw_hep_ancestral_shrine, david_orc_2,
          minmay_st_funbox, minmay_misc_feat_columns, uniq_harold, uniq_sonja
D:11:     layout_roguey
D:12:     layout_long_grid
D:13:     layout_irregular_city, gauntlet_entry_generic, serial_bayou_pond_e
D:14:     layout_basic, david_vaults_2, serial_shops, nicolae_shop_stone,
          minivault_11, hangedman_decor_push, hangedman_parallel_progression
D:15:     grunt_enter_depths_snipers, layout_irregular_city, serial_shops,
          bzr_entry_road, fountainhead, uniq_azrael
Lair:1:   layout_gridlike, st_stairs_10, grunt_megastairs_4,
          infiniplex_staircase_pool
Lair:2:   beast_lair_carwin_large_4, layout_misc_corridors
Lair:3:   layout_loops_ring, swamp_mist_pool,
          minmay_snake_entry_guardpost_small, uniq_nergalle
Lair:4:   layout_cave_shapes, dpeg_slime_entry_enclosed, serial_bayou_lagoon_b
Lair:5:   cheibrodos_lair_end_hotspot, layout_regular_city,
          grunt_forest_large_clearing_hut, lemuel_fruit_tree
Swamp:1:  layout_basic_swamp, ebering_ghost_inner_flame,
          nicolae_swamp_well_well_well, swamp_pool1, nzn_swamp_dancing_lights
Swamp:2:  layout_falls_marsh, nicolae_swamp_some_circles, swamp_pool3,
          infiniplex_staircase_pool_2
Swamp:3:  layout_falls_marsh, evilmike_swamp_ruin_house_5,
          nicolae_swamp_nymph_family_reunion, uniq_mara, uniq_mlioglotl
Orc:1:    layout_diamond_mine, minmay_shop_mass, mines1_david
Orc:2:    kennysheep_orc_mage_school, layout_diamond_mine

Skill      XL: |  1  2  3  4  5  6  7  8  9 10 11 12 13 14 15 16 |
---------------+-------------------------------------------------+-----
Axes           | 3 4 5 6 7 9 12 14 16 18 | 18.0
Armour         | 4 5 6 8 10 11 13 15 16 17 | 17.0
Fighting       | 4 5 6 8 11 13 14 16 | 16.6
Invocations    | 2 7 8 11 13 | 13.4
Evocations     | 5 |  5.0
Dodging        | 5 7 |  7.0
Shields        | 5 8 9 |  9.7

Action                   |  1- 3 |  4- 6 |  7- 9 | 10-12 | 13-15 | 16-18 || total
-------------------------+-------+-------+-------+-------+-------+-------++-------
Melee: War axe           |    77 |   108 |   304 |       |       |       ||   489
       Headbutt          |     9 |    17 |    51 |   106 |   242 |    41 ||   466
       Broad axe         |       |       |    10 |   519 |  1042 |   185 ||  1756
Throw: Stone             |     3 |       |       |       |       |       ||     3
       Boomerang         |       |       |       |     3 |     5 |     2 ||    10
       Dart              |       |       |       |       |     9 |       ||     9
Invok: Recite            |       |       |    13 |    10 |    37 |     7 ||    67
       Imprison          |       |       |       |     1 |     1 |       ||     2
       Vitalisation      |       |       |       |     2 |     2 |     1 ||     5
       Sanctuary         |       |       |       |       |     1 |       ||     1
 Abil: Evoke Blink       |       |       |       |     1 |       |     1 ||     2
Evoke: Wand              |       |       |       |     3 |     1 |       ||     4
  Use: Scroll            |       |       |     9 |    12 |    12 |     1 ||    34
       Potion            |       |       |     2 |     6 |     5 |     6 ||    19
 Stab: Confused          |       |       |     2 |       |     5 |       ||     7
       Invisible         |       |       |     1 |     1 |     6 |       ||     8
       Paralysed         |       |       |       |       |     4 |       ||     4
Armor: Scale mail        |    29 |    48 |   168 |    94 |       |       ||   339
       Plate armour      |       |       |       |   196 |   408 |    88 ||   692
Dodge: Dodged            |    31 |    38 |   123 |   165 |   305 |    60 ||   722
       Repelled          |       |       |       |     4 |    16 |     4 ||    24
Block: Buckler           |    14 |    20 |    61 |    90 |    82 |       ||   267
       Kite shield       |       |       |       |       |   226 |    90 ||   316
